[Event "*** Titled Tuesday Blitz"]
[Site "Chess.com"]
[Date "2020.04.28"]
[Round "5"]
[White "Bathory44"]
[Black "Mykola-Bortnyk"]
[Result "0-1"]
[WhiteElo "2569"]
[BlackElo "2930"]
[TimeControl "180+1"]
[EndTime "10:54:22 PDT"]
[Termination "Mykola-Bortnyk won by resignation"]

1. e4 Nf6 2. e5 Nd5 3. d4 d6 4. Nf3 dxe5 5. Nxe5 c6 6. Nd2 Bf5 7. Ndf3 e6 8. g4 Bg6 9. h4 Nd7 10. Nxd7 Qxd7 11. Ne5 Qc7 12. h5 Bb4+ 13. Bd2 Be4 14. Rh3 f6 15. Nc4 b5 16. Ne3 Bxd2+ 17. Qxd2 h6 18.
O-O-O Nf4 19. Rg3 O-O 20. Ng2 Bxg2 21. Bxg2 Rad8 22. Bxc6 Rxd4 23. Qe3 Rxd1+ 24. Kxd1 Rd8+ 25. Ke1 Qxc6 26. Qxf4 Qh1+ 27. Ke2 Qd1+ 0-1

[Event "*** Titled Tuesday Blitz"]
[Site "Chess.com"]
[Date "2020.04.28"]
[Round "5"]
[White "friesnielsen2302"]
[Black "KingChess345"]
[Result "1-0"]
[WhiteElo "2606"]
[BlackElo "2128"]
[TimeControl "180+1"]
[EndTime "10:54:23 PDT"]
[Termination "friesnielsen2302 won on time"]

1. Nf3 c5 2. e3 g6 3. c4 Nf6 4.
Be2 Bg7 5. O-O O-O 6. Nc3 Nc6 7.
Nd5 e6 8. Nxf6+ Qxf6 9. a3 d5 10. Qc2 d4 11. d3 e5 12. Nd2 a5 13. Bf3 Qd6 14. Ne4 Qe7 15. Re1 f5 16. Nd2 Be6 17. Bd5 Rad8 18. Qb3 Bxd5 19. cxd5 a4 20.
Qc4 Na5 21. Qxa4 Qc7 22. b4 cxb4 23. axb4 dxe3 24. fxe3 e4 25. Qxa5 b6 26. Qa7 Qc2 27. Ra2 Qxd3 28. Qxb6 Rxd5 29. Qc6 Rfd8 30. b5 Rxb5 31.
Qc4+ Qxc4 32. Nxc4 Rb1 33. Bd2 Rxd2 34. Ra8+ Kf7 35.
Rxb1 1-0

[Event "*** Titled Tuesday Blitz"]
[Site "Chess.com"]
[Date "2020.04.28"]
[Round "5"]
[White "TheCount"]
[Black "Majesth"]
[Result "1-0"]
[WhiteElo "2629"]
[BlackElo "2471"]
[TimeControl "180+1"]
[EndTime "10:54:25 PDT"]
[Termination "TheCount won by resignation"]

1. d4 e6 2. c4 Bb4+ 3. Bd2 c5 4. g3 Nf6 5. Bg2 O-O 6. Nf3 d6 7. O-O Bxd2 8. Qxd2 Nc6 9. Nc3 e5 10. dxc5 dxc5 11. Qe3 Re8 12. Qxc5 Bd7 13. Rfd1 Rc8 14. Qd6 Qb6 15. b3 Rcd8 16. Nd5 Nxd5 17. cxd5 Be6 18. dxe6 Rxd6 19. exf7+ Kxf7 20. Rxd6 h6 21. Rad1 Re7 22. Nh4 Nd4 23. Rxb6 axb6 24. e3 1-0

[Event "*** Titled Tuesday Blitz"]
[Site "Chess.com"]
[Date "2020.04.28"]
[Round "5"]
[White "robertofabregas"]
[Black "Warerman"]
[Result "0-1"]
[WhiteElo "2115"]
[BlackElo "2444"]
[TimeControl "180+1"]
[EndTime "10:54:25 PDT"]
[Termination "Warerman won by resignation"]

1. d4 Nf6 2. Bf4 d5 3. e3 c5 4. c3 Nc6 5. Nd2 Bf5 6. Ngf3 e6 7. h3 Bd6 8. Bg5 h6 9. Bxf6 Qxf6 10. Bb5 O-O 11. a4 a6 12. Be2 e5 13. dxe5 Nxe5 14. Nxe5 Qxe5 15. Nf3 Qe6 16. Qb3 Rab8 17. a5 Rfd8 18.
Rd1 Bc7 19. Qa2 Be4 20. O-O Qd6 21. g3 Qf6 22. Nd2 Bc2 23. Rc1 Bf5 24. Kg2 Qe6 25. Rh1 Qg6 26. Bf3 h5 27. Bxd5 Rxd5 28. Qxd5 Rd8 29.
Qxb7 Rxd2 30. Qxc7 Be4+ 31. Kg1 Bxh1 32. Kxh1 Rxf2 33.
Rd1 Qe4+ 0-1

[Event "*** Titled Tuesday Blitz"]
[Site "Chess.com"]
[Date "2020.04.28"]
[Round "5"]
[White "okriak"]
[Black "crazy_machine"]
[Result "1-0"]
[WhiteElo "2841"]
[BlackElo "2590"]
[TimeControl "180+1"]
[EndTime "10:54:26 PDT"]
[Termination "okriak won on time"]

1. Nf3 d5 2. c4 c6 3. e3 Nf6 4.
Nc3 g6 5. d4 Bg7 6. Be2 O-O 7.
O-O Bf5 8. cxd5 cxd5 9. Qb3 b6 10.
Bd2 Nc6 11. Rfc1 Na5 12. Qd1 Rc8 13. Ne5 Nd7 14. Ba6 Rc7 15. Nxd7 Qxd7 16. Nb5 Rxc1 17.
Rxc1 Nc4 18. b3 Nb2 19. Qf3 e5 20. Rc7 Qe6 21. Bc3 Bg4 22. Qg3 Nd1 23. Ba1 e4 24.
h3 Bh5 25. Rxa7 Rd8 26. Qc7 Qf6 27. Qf4 Qe6 28. Nc7 Qc6 29. Nxd5 Qxd5 30. Bc4 g5 31. Qc7 1-0

[Event "*** Titled Tuesday Blitz"]
[Site "Chess.com"]
[Date "2020.04.28"]
[Round "5"]
[White "HaryKane"]
[Black "MrRooke6"]
[Result "0-1"]
[WhiteElo "2577"]
[BlackElo "2428"]
[TimeControl "180+1"]
[EndTime "10:54:27 PDT"]
[Termination "MrRooke6 won by checkmate"]

1. e4 d5 2. exd5 Nf6 3. Nf3 Nxd5 4. d4 Bf5 5. Be2 e6 6. O-O Be7 7. a3 O-O 8. c4 Nb6 9. Nc3 Nc6 10. Be3 Bf6 11. b4 a5 12. b5 Ne7 13. a4 h6 14. Qb3 Ng6 15. Rad1 Qe7 16. c5 Nd5 17. Nxd5 exd5 18. Qxd5 Bc2 19. Ra1 Be4 20. Qb3 Rad8 21. Rfd1 Rd5 22. Nd2 Nh4 23. Nxe4 Qxe4 24. f3 Qg6 25. g3 Rfd8 26. Bc4 Nxf3+ 27. Kf2 Nxd4 28. Qd3 Rf5+ 29. Kg2 Nf3 30. Qxd8+ Bxd8 31. Rxd8+ Kh7 32.
Bd3 Ne5 33. Bxf5 Qxf5 34. Bf4 Qe4+ 35. Kh3 Nd3 36. Rf1 Nxc5 37. Bxc7 Ne6 38. Rd7 Ng5# 0-1

[Event "*** Titled Tuesday Blitz"]
[Site "Chess.com"]
[Date "2020.04.28"]
[Round "5"]
[White "ChessTraining77"]
[Black "NFChess13"]
[Result "1/2-1/2"]
[WhiteElo "2540"]
[BlackElo "2395"]
[TimeControl "180+1"]
[EndTime "10:54:27 PDT"]
[Termination "Game drawn by repetition"]

1. e4 c5 2. Nf3 e6 3. d4 cxd4 4. Nxd4 Nc6 5. Nc3 Qc7 6. Be3 a6 7. Qd2 Nf6 8. O-O-O Be7 9. f3 h5 10. Qf2 b5 11. Kb1 Ne5 12. h3 Bb7 13. Bd3 Rc8 14. g4 O-O 15. gxh5 Nxh5 16. Rhg1 Ng6 17. Nce2 d5 18. exd5 Bxd5 19. f4 Bh4 20. Qf1 Ne7 21. Rg4 Bf6 22. Qf2 Rfd8 23. Rdg1 Nf5 24. Nxf5 exf5 25. Bxf5 Bxa2+ 26. Kxa2 Qa5+ 27. Kb1 Bxb2 28. Kxb2 Qb4+ 29. Kc1 Qa3+ 30. Kb1 Qb4+ 31. Kc1 Qa3+ 32. Kb1 Qb4+ 33. Kc1 1/2-1/2

[Event "*** Titled Tuesday Blitz"]
[Site "Chess.com"]
[Date "2020.04.28"]
[Round "5"]
[White "x-3738459472"]
[Black "GMaka"]
[Result "0-1"]
[WhiteElo "2504"]
[BlackElo "2347"]
[TimeControl "180+1"]
[EndTime "10:54:27 PDT"]
[Termination "GMaka won by resignation"]

1. d4 Nf6 2. Bf4 g6 3. e3 Bg7 4. Nc3 d5 5. Be2 c6 6. Nf3 O-O 7. Ne5 Nfd7 8. h4 Nxe5 9. Bxe5 f6 10. Bxb8 Rxb8 11. h5 g5 12. h6 Bh8 13. Bd3 e5 14. dxe5 fxe5 15. e4 Qf6 16. Qe2 d4 17. Na4 b6 18. b3 Be6 19. Nb2 Rb7 20. a4 Rbf7 21.
f3 Qf4 22. Bc4 Rf6 23. Bxe6+ Rxe6 24. Nd3 Qg3+ 25. Qf2 Qxf2+ 26. Nxf2 Rff6 27. Ng4 Rg6 28. O-O-O Bf6 29. Kd2 Be7 30. Kd3 Bf8 31. Rh5 Bxh6 32. Rdh1 Kg7 33. Nh2 Kg8 34. g4 Ref6 35. Ke2 Bf8 36.
Nf1 h6 37. Ng3 c5 38. Nf5 Rc6 39. Kd3 a6 40. Kc4 Kf7 41. Ra1 Ke6 42. Rhh1 Rc7 43. Kd3 Rc6 44. Rhb1 Be7 45. Rh1 Bf8 46. Rh2 Kd7 47.
Rah1 b5 48. axb5 axb5 49. Ra1 Ra6 50. Rhh1 Kc7 51. Rhb1 Rgc6 52. Kd2 c4 53. bxc4 bxc4 54. Rxa6 Rxa6 55. Rb5 Bd6 56. Rxe5 Bxe5 0-1

[Event "*** Titled Tuesday Blitz"]
[Site "Chess.com"]
[Date "2020.04.28"]
[Round "5"]
[White "TheNomNomFactor"]
[Black "CMS13"]
[Result "1-0"]
[WhiteElo "2393"]
[BlackElo "2151"]
[TimeControl "180+1"]
[EndTime "10:54:28 PDT"]
[Termination "TheNomNomFactor won by resignation"]

1. e4 e5 2. Nf3 Nc6 3. Bc4 Nf6 4. d3 Be7 5. O-O O-O 6. Re1 d6 7. a4 Kh8 8. Nc3 Ng8 9. d4 f5 10. d5 Nb8 11. exf5 Bxf5 12. Bd3 Bg4 13. Be2 Bf5 14. h3 Nd7 15. Bd3 Qe8 16. Bxf5 Rxf5 17. Ne4 h6 18. a5 Ngf6 19. Ng3 Rxf3 20. Qxf3 Qg6 21. Qf5 Qf7 22. c4 Rf8 23. b4 Qe8 24. Qe6 Nb8 25. Nf5 Ng8 26. Nxe7 Nxe7 27. Qg4 Qf7 28. Be3 Nf5 29.
Bxa7 Na6 30. b5 Nb4 31. a6 bxa6 32. bxa6 Nc2 33. Rec1 Nxa1 34. Rxa1 Ra8 35. Be3 Nxe3 36. fxe3 Qd7 37. Qxd7 1-0

[Event "*** Titled Tuesday Blitz"]
[Site "Chess.com"]
[Date "2020.04.28"]
[Round "5"]
[White "arctic_t00"]
[Black "silverback96"]
[Result "1-0"]
[WhiteElo "2471"]
[BlackElo "2130"]
[TimeControl "180+1"]
[EndTime "10:54:29 PDT"]
[Termination "arctic_t00 won by checkmate"]

1. d4 Nf6 2. Nf3 c5 3. d5 e6 4. Nc3 exd5 5. Nxd5 Nxd5 6. Qxd5 Nc6 7. e4 d6 8. Bc4 Be6 9. Qd3 Nb4 10. Qe2 Be7 11.
O-O Qd7 12. c3 Nc6 13. Bf4 h6 14. Rad1 g5 15. Bg3 O-O-O 16. b4 cxb4 17. cxb4 Nxb4 18. Ne5 Qe8 19. Bxe6+ fxe6 20. Qc4+ Nc6 21. Qxe6+ Kc7 22. Nf7 h5 23. Nxh8 Qxh8 24. Rc1 Qg7 25. h3 h4 26.
Bh2 Kb8 27. Rfd1 Ka8 28. e5 dxe5 29. Rxd8+ Bxd8 30. Rxc6 bxc6 31. Qc8# 1-0

[Event "*** Titled Tuesday Blitz"]
[Site "Chess.com"]
[Date "2020.04.28"]
[Round "5"]
[White "tigra"]
[Black "FairChess_on_YouTube"]
[Result "0-1"]
[WhiteElo "2776"]
[BlackElo "3052"]
[TimeControl "180+1"]
[EndTime "10:54:31 PDT"]
[Termination "FairChess_on_YouTube won by checkmate"]

1. e4 c5 2. Nf3 e6 3. d4 cxd4 4.
Nxd4 a6 5. c4 Nf6 6. Nc3 Bb4 7.
Qd3 O-O 8. e5 Ne8 9. a3 Ba5 10.
Bf4 d6 11. exd6 Nxd6 12. c5 Bxc3+ 13. Qxc3 Ne4 14. Qc4 e5 15. Bxe5 Nc6 16. Qc2 Qa5+ 17. Kd1 Nxd4 18. Qxe4 Nb3 19. Bd3 Qd2# 0-1

[Event "*** Titled Tuesday Blitz"]
[Site "Chess.com"]
[Date "2020.04.28"]
[Round "5"]
[White "ajdemipopushi"]
[Black "AminMolaei"]
[Result "0-1"]
[WhiteElo "2289"]
[BlackElo "2502"]
[TimeControl "180+1"]
[EndTime "10:54:32 PDT"]
[Termination "AminMolaei won on time"]

1. Nf3 c5 2. g3 Nc6 3. Bg2 g6 4.
c4 Bg7 5. O-O e5 6. Nc3 d6 7.
Ne1 Nge7 8. Nc2 O-O 9. d3 Be6 10.
Ne3 Qd7 11. Ned5 h6 12. Rb1 Kh7 13. a3 f5 14. b4 cxb4 15. axb4 f4 16. b5 Nd4 17. b6 Nxd5 18. Nxd5 Bh3 19. bxa7 Nxe2+ 20. Qxe2 Bxg2 21. f3 Bxf1 22. Kxf1 fxg3 23. Kg2 gxh2 24. Nb6 Qh3+ 25. Kh1 Rxf3 26. Bd2 Raf8 27. a8=Q Rf2 0-1

[Event "*** Titled Tuesday Blitz"]
[Site "Chess.com"]
[Date "2020.04.28"]
[Round "5"]
[White "binbin239"]
[Black "Susal_De_Silva"]
[Result "0-1"]
[WhiteElo "2434"]
[BlackElo "2278"]
[TimeControl "180+1"]
[EndTime "10:54:32 PDT"]
[Termination "Susal_De_Silva won by resignation"]

1. d4 Nf6 2. c4 e6 3. Nf3 b6 4.
g3 Bb7 5. Bg2 g6 6. O-O Bg7 7.
Nc3 Ne4 8. Nxe4 Bxe4 9. Bf4 O-O 10.
Rc1 d6 11. b4 a5 12. a3 axb4 13. axb4 Nd7 14. c5 bxc5 15. bxc5 d5 16. Qd2 Ra4 17. Be3 Qa8 18. Ne5 Nxe5 19. Bxe4 Nc4 20. Rxc4 Rxc4 21. Bd3 Ra4 22. Bf4 Rxd4 23. Bxc7 Rc8 24. Bb6 Ra4 25. Bb5 Ra1 26. Bd7 Rxf1+ 27. Kxf1 Rb8 28. Kg2 d4+ 29. f3 Qd5 30. Ba4 Bf8 31. Qf4 e5 32. Qc1 Rc8 33. c6 d3 34. exd3 Qa2+ 35.
Qc2 Qxc2+ 36. Bxc2 Rxc6 0-1

[Event "*** Titled Tuesday Blitz"]
[Site "Chess.com"]
[Date "2020.04.28"]
[Round "5"]
[White "ChessWarrior7197"]
[Black "emperor87"]
[Result "1/2-1/2"]
[WhiteElo "2848"]
[BlackElo "2609"]
[TimeControl "180+1"]
[EndTime "10:54:33 PDT"]
[Termination "Game drawn by repetition"]

1. e4 e5 2. Nf3 Nc6 3. Bb5 Nf6 4. O-O Nxe4 5. Re1 Nd6 6. Nxe5 Be7 7. Bf1 O-O 8. d4 Nf5 9. Nf3 d5 10. Nc3 Bf6 11. Ne2 a5 12. c3 a4 13. Ng3 Nxg3 14.
hxg3 Bf5 15. Bd3 Bxd3 16. Qxd3 Na5 17. Bf4 Nc4 18. Re2 Re8 19. Rae1 Rxe2 20. Qxe2 h6 21. g4 Qd7 22. g5 hxg5 23. Bxg5 Qf5 24. Bxf6 Qxf6 25. b3 axb3 26. axb3 Nd6 27. Qd3 g6 28. c4 c6 29. cxd5 cxd5 30. Rc1 Ne4 31. Qb5 Qf4 32. Re1 Ra2 33. Qxd5 Nxf2 34. Re8+ Kg7 35. Qe5+ Qxe5 36. Nxe5 f6 37. Re7+ Kh6 38. Nf7+ Kh5 39. d5 Ng4 40. Kf1 Rd2 41. d6 Nh6 42. g4+ Nxg4 43. d7 Nh2+ 44. Ke1 Nf3+ 45. Kf1 Nh2+ 46. Ke1 Nf3+ 47. Kf1 Nh2+ 1/2-1/2

[Event "*** Titled Tuesday Blitz"]
[Site "Chess.com"]
[Date "2020.04.28"]
[Round "5"]
[White "gurelediz"]
[Black "sergoy"]
[Result "0-1"]
[WhiteElo "2602"]
[BlackElo "2861"]
[TimeControl "180+1"]
[EndTime "10:54:34 PDT"]
[Termination "sergoy won by resignation"]

1. e4 c5 2. Nf3 d6 3. d4 cxd4 4. Nxd4 Nf6 5. Nc3 a6 6. Bg5 e6 7.
f4 h6 8. Bh4 Qb6 9. a3 Be7 10.
Bf2 Qc7 11. Qd2 b5 12. O-O-O Bb7 13. Bd3 Nbd7 14. h3 Nc5 15. Rhe1 d5 16. exd5 Nxd5 17. Nxd5 Bxd5 18. f5 O-O 19. fxe6 fxe6 20. Be3 e5 21. Kb1 exd4 22. Bxd4 Ne6 23. Be5 Qc6 24. Bg6 Rad8 25. Qe3 Bg5 26. Qg3 Bf4 27. Qg4 Bxe5 28. Rxe5 Nf4 29. Bf5 Bf3 30. Rxd8 Bxg4 31. Bh7+ Kxh7 32. Rxf8 Ne6 33. Rf2 Qd6 34. Re1 Qg3 0-1

[Event "*** Titled Tuesday Blitz"]
[Site "Chess.com"]
[Date "2020.04.28"]
[Round "5"]
[White "aNaartjieZA"]
[Black "Tapuah"]
[Result "1/2-1/2"]
[WhiteElo "2599"]
[BlackElo "2833"]
[TimeControl "180+1"]
[EndTime "10:54:35 PDT"]
[Termination "Game drawn by agreement"]

1. e4 c5 2. Nf3 e6 3. d3 Nc6 4. g3 g6 5. Bg2 Bg7 6. O-O Nge7 7. Re1 O-O 8. Nbd2 d6 9. Nf1 e5 10. c3 h6 11. a3 Be6 12. b4 f5 13.
exf5 gxf5 14. Bb2 c4 15. d4 e4 16. Nh4 Nd5 17. Ne3 Nxe3 18. fxe3 Ne7 19. Rf1 Nd5 20. Qe2 Qg5 21. Rae1 b5 22. Bh3 a5 23. bxa5 Rxa5 24. Ng2 h5 25. Kh1 Bh6 26. Nf4 Nxf4 27. gxf4 Qh4 28.
Rg1+ Kh7 29. Rg3 Raa8 30. Reg1 Rg8 31. Bc1 Rxg3 32. Rxg3 Rg8 33. Qf2 Qe7 34. Rxg8 Kxg8 35. Qg3+ Qg7 36. Qxg7+ Bxg7 37. Bf1 d5 38. Be2 Bf7 39. Kg2 Bf6 40. Bd1 Kf8 41. Kg3 Be8 42.
h4 Ke7 43. Bb2 Kd6 44. Bc1 Kc7 45. Bb2 Kb6 46. Bc1 Ka5 47. Bb2 Be7 48. Bc1 Bd6 1/2-1/2

[Event "*** Titled Tuesday Blitz"]
[Site "Chess.com"]
[Date "2020.04.28"]
[Round "5"]
[White "SahajGrover"]
[Black "ehrenfeld"]
[Result "1-0"]
[WhiteElo "2710"]
[BlackElo "2500"]
[TimeControl "180+1"]
[EndTime "10:54:35 PDT"]
[Termination "SahajGrover won by resignation"]

1. d4 f5 2. Nc3 Nf6 3. Bg5 d5 4.
e3 e6 5. Bd3 c5 6. Nf3 Nc6 7.
Ne5 Be7 8. Bb5 O-O 9. Bxc6 bxc6 10. Nxc6 Qc7 11. Nxe7+ Qxe7 12. dxc5 Ba6 13. Qd4 Rab8 14. Rb1 Kh8 15. f4 Qf7 16. Bxf6 gxf6 17. b4 Bc4 18. Kf2 e5 19. fxe5 f4 20. exf4 Rbe8 21. exf6 Re6 22. g4 Qxf6 23. Qxf6+ Rfxf6 24. f5 Re5 25. Rhe1 1-0

[Event "*** Titled Tuesday Blitz"]
[Site "Chess.com"]
[Date "2020.04.28"]
[Round "5"]
[White "Grandelicious"]
[Black "LiemLe"]
[Result "0-1"]
[WhiteElo "2775"]
[BlackElo "3006"]
[TimeControl "180+1"]
[EndTime "10:54:36 PDT"]
[Termination "LiemLe won by resignation"]

1. e4 e5 2. Nf3 Nc6 3. Nc3 Nf6 4.
Bb5 Bb4 5. O-O O-O 6. d4 exd4 7.
Nd5 Nxd5 8. exd5 Ne7 9. Qxd4 Ba5 10. Bd3 d6 11. c4 Bf5 12. Bxf5 Nxf5 13. Qg4 Qf6 14.
Rb1 Rae8 15. b4 Bb6 16. Bb2 Qg6 17. Qf4 Ne3 18. Nh4 Qg4 19. Qxg4 Nxg4 20. h3 Nxf2 21.
Rxf2 Re4 22. Nf5 Bxf2+ 0-1

[Event "*** Titled Tuesday Blitz"]
[Site "Chess.com"]
[Date "2020.04.28"]
[Round "5"]
[White "Aleksandar-Topalov"]
[Black "Arjun2002"]
[Result "0-1"]
[WhiteElo "2497"]
[BlackElo "2680"]
[TimeControl "180+1"]
[EndTime "10:54:36 PDT"]
[Termination "Arjun2002 won by resignation"]

1. b3 d5 2. Bb2 Bg4 3. f3 Bh5 4.
e4 dxe4 5. Qe2 Nf6 6. Bxf6 exf6 7. Qb5+ Nc6 8. Qxh5 Nd4 9. Kd1 g6 10. Qa5 e3 11.
Ne2 Nxe2 12. Bxe2 Bh6 13. Qb5+ c6 14. Qd3 Qc7 15. Qe4+ Kf8 16. Nc3 Kg7 17. h4 exd2 18.
h5 Rae8 19. Qh4 Qe5 20. Qc4 b5 21. f4 Bxf4 22. h6+ Bxh6 23. Qh4 Be3 24. Qb4 c5 25.
Qa5 b4 0-1

[Event "*** Titled Tuesday Blitz"]
[Site "Chess.com"]
[Date "2020.04.28"]
[Round "5"]
[White "dbrankovic68"]
[Black "Mikedannnn"]
[Result "1/2-1/2"]
[WhiteElo "2364"]
[BlackElo "2522"]
[TimeControl "180+1"]
[EndTime "10:54:36 PDT"]
[Termination "Game drawn by agreement"]

1. e4 c5 2. Nf3 e6 3. Qe2 a6 4. g3 Nc6 5. Bg2 d6 6. O-O Nf6 7. d3 Be7 8. Re1 O-O 9. c3 Qc7 10. Nbd2 b5 11. h3 Bb7 12. Nf1 Rad8 13. N1h2 Rfe8 14. Ng4 Nxg4 15. hxg4 Bf8 16. d4 cxd4 17. cxd4 e5 18. d5 Nd4 19. Nxd4 exd4 20. Qd3 Bxd5 21.
Qxd4 Bb7 22. Bf4 Qc5 23. Rad1 Qxd4 24. Rxd4 g6 25. Red1 Bg7 26. e5 Bxg2 27. Kxg2 Bxe5 28. Bxe5 Rxe5 29. Rxd6 Rxd6 30. Rxd6 Re2 31. Rxa6 Rxb2 32. g5 Kg7 33. Rb6 Rxa2 34. Rxb5 1/2-1/2

[Event "*** Titled Tuesday Blitz"]
[Site "Chess.com"]
[Date "2020.04.28"]
[Round "5"]
[White "Vincent_Vega95"]
[Black "sergeikim"]
[Result "1-0"]
[WhiteElo "2684"]
[BlackElo "2431"]
[TimeControl "180+1"]
[EndTime "10:54:37 PDT"]
[Termination "Vincent_Vega95 won by resignation"]

1. d4 Nf6 2. c4 g6 3. Nc3 Bg7 4.
e4 d6 5. Be2 O-O 6. Be3 e5 7. d5 a5 8. g4 Na6 9. g5 Ne8 10. h4 Bd7 11. h5 Nc5 12. Nf3 Rc8 13. Nd2 c6 14. f3 Nc7 15. Kf2 cxd5 16. cxd5 b5 17. Qg1 b4 18. Nd1 f5 19. gxf6 Qxf6 20. hxg6 hxg6 21. Bg5 Qf7 22. Qh2 Qe8 23. Qh7+ Kf7 24.
Rh6 Rh8 25. Qxg6+ Kg8 26. Rxh8+ Kxh8 27. Qxe8+ Bxe8 28. Ne3 Nb5 29. Nf5 Rc7 30. Ne7 Bf8 31. Bf6+ Kh7 32. Rh1+ Bh6 33. Nf5 1-0

[Event "*** Titled Tuesday Blitz"]
[Site "Chess.com"]
[Date "2020.04.28"]
[Round "5"]
[White "White_Ghost"]
[Black "MikaelyanArman"]
[Result "0-1"]
[WhiteElo "2450"]
[BlackElo "2745"]
[TimeControl "180+1"]
[EndTime "10:54:38 PDT"]
[Termination "MikaelyanArman won by resignation"]

1. d4 Nf6 2. c4 g6 3. g3 Bg7 4.
Bg2 O-O 5. Nc3 c5 6. d5 d6 7. e4 e6 8. Nf3 exd5 9. cxd5 Re8 10. Nd2 b5 11. O-O b4 12. Ne2 Ba6 13. Re1 Nbd7 14.
a3 Qb6 15. axb4 cxb4 16. Nf4 Ne5 17. Qa4 Bb7 18. Nb3 Nfg4 19. Re2 a5 20. h3 Ba6 21. Rc2 Bb5 22. Qa2 a4 23. hxg4 axb3 24. Qxa8 bxc2 25. Qa7 Qxa7 26. Rxa7 g5 27. Nh5 Nd3 28. Bxg5 Bxb2 29.
Bf1 Bd4 30. Rb7 Ba6 31. Rd7 b3 32. Rxd6 b2 33. Rxa6 b1=Q 34. Nf6+ Bxf6 35. Bxf6 c1=Q 0-1

[Event "*** Titled Tuesday Blitz"]
[Site "Chess.com"]
[Date "2020.04.28"]
[Round "5"]
[White "icychess54"]
[Black "uchenic"]
[Result "0-1"]
[WhiteElo "2257"]
[BlackElo "2459"]
[TimeControl "180+1"]
[EndTime "10:54:39 PDT"]
[Termination "uchenic won on time"]

1. c4 e6 2. Nf3 d5 3. e3 c6 4. Nc3 Nf6 5. Be2 Be7 6. O-O O-O 7. b3 Nbd7 8. Bb2 b6 9. d4 Bb7 10. Qc2 c5 11. Rfd1 Rc8 12. cxd5 exd5 13. Qf5 c4 14. bxc4 dxc4 15. e4 a6 16. d5 Bb4 17.
Re1 Re8 18. Bf1 Qc7 19. a3 Ba5 20. Rad1 b5 21. Re3 Bb6 22. Re2 Qc5 23. e5 Nxd5 24. Nxd5 Bxd5 25. Qxd7 Bxf3 26. gxf3 c3 27. Bc1 Rcd8 28. Be3 Rxd7 29. Bxc5 Rxd1 30. Bxb6 Rc8 31. Rc2 Rd2 32. Bh3 Rxc2 33. Bxc8 Ra2 34. Kg2 c2 35.
Be3 Rxa3 36. Bf5 Rxe3 37. Bxc2 Rxe5 38. Be4 a5 0-1

[Event "*** Titled Tuesday Blitz"]
[Site "Chess.com"]
[Date "2020.04.28"]
[Round "5"]
[White "Jospem"]
[Black "druskacik"]
[Result "0-1"]
[WhiteElo "2818"]
[BlackElo "2558"]
[TimeControl "180+1"]
[EndTime "10:54:41 PDT"]
[Termination "druskacik won by resignation"]

1. c4 e6 2. g3 d5 3. Nf3 dxc4 4. Bg2 a6 5. O-O Nc6 6. a4 Nf6 7.
Na3 e5 8. Nxc4 e4 9. Nfe5 Nxe5 10.
Nxe5 Qd4 11. Nxf7 Kxf7 12. Qb3+ Be6 13. Qxb7 Bd6 14. Qc6 Rab8 15. d3 Rb6 16. Qc3 Qxc3 17. bxc3 exd3 18. exd3 Rb3 19. Bd2 Rb2 20. Be3 Rhb8 21.
c4 R8b3 22. c5 Be7 23. Rfc1 Ng4 24. Bd4 Rd2 25. c6 Bf6 26. Bxf6 gxf6 27. Re1 Rbb2 28.
Bh3 f5 29. f3 Rxh2 30. Bf1 Bd5 0-1

[Event "*** Titled Tuesday Blitz"]
[Site "Chess.com"]
[Date "2020.04.28"]
[Round "5"]
[White "hypert"]
[Black "smshk35"]
[Result "1-0"]
[WhiteElo "2539"]
[BlackElo "2374"]
[TimeControl "180+1"]
[EndTime "10:54:41 PDT"]
[Termination "hypert won by checkmate"]

1. e4 c5 2. Nf3 e6 3. b3 Nc6 4. Bb2 a6 5. c4 Nf6 6. Nc3 Qc7 7.
Be2 Nd4 8. O-O Bd6 9. h3 b6 10. Re1 Bb7 11. Bd3 O-O-O 12. a4 Rdg8 13. a5 g5 14.
axb6 Qb8 15. Nxd4 cxd4 16. Na4 g4 17. h4 Bh2+ 18. Kf1 g3 19. f3 Qf4 20. Bxd4 e5 21.
Be3 Qxh4 22. Ke2 Nh5 23. Nc5 f5 24. Nxb7 Kxb7 25. Rxa6 Nf4+ 26. Bxf4 Qxf4 27. Ra7+ Kxb6 28. Qa1 Rb8 29. Qa5+ Kc6 30. Qc7# 1-0

[Event "*** Titled Tuesday Blitz"]
[Site "Chess.com"]
[Date "2020.04.28"]
[Round "5"]
[White "shav3184"]
[Black "CSB7"]
[Result "0-1"]
[WhiteElo "2287"]
[BlackElo "2502"]
[TimeControl "180+1"]
[EndTime "10:54:41 PDT"]
[Termination "CSB7 won by resignation"]

1. e4 e5 2. Nf3 Nc6 3. Bc4 Bc5 4. O-O Nf6 5. d4 Bxd4 6. Nxd4 Nxd4 7. Bg5 h6 8. Bh4 d6 9. f4 Bg4 10. Bxf6 Bxd1 11.
Bxd8 Rxd8 12. Rxd1 Nxc2 13. Nc3 Nxa1 14. Rxa1 c6 15.
fxe5 dxe5 16. Rf1 Rf8 17. Rf2 Ke7 18. h3 g6 19. g4 Rd4 20. Bb3 b5 21. a3 a5 22. Bc2 Rfd8 23. Bb3 f6 24. h4 b4 25.
g5 bxc3 26. bxc3 R4d6 27. gxh6 Rh8 28. Bc4 Rxh6 29. Rb2 Rxh4 30. Rb7+ Rd7 31. Rb6 Rxe4 32. Rxc6 Rd2 33. Re6+ Kd7 34. Rxf6 Re1+ 35. Bf1 e4 36. Rxg6 e3 37. Rg7+ Kd6 38. Rg8 e2 0-1

[Event "*** Titled Tuesday Blitz"]
[Site "Chess.com"]
[Date "2020.04.28"]
[Round "5"]
[White "vinodbhagwat1976"]
[Black "FROGGY64"]
[Result "0-1"]
[WhiteElo "2249"]
[BlackElo "2446"]
[TimeControl "180+1"]
[EndTime "10:54:41 PDT"]
[Termination "FROGGY64 won by resignation"]

1. d4 e6 2. c4 b6 3. Nc3 Bb4 4. e4 Bb7 5. Bd3 f5 6. d5 Nf6 7. exf5 O-O 8. Nf3 exf5 9. O-O Bxc3 10. bxc3 Ne4 11. Qc2 Nd6 12. Bf4 Qf6 13. Be5 Qg6 14.
Bxd6 Qxd6 15. Bxf5 g6 16. Bd3 Na6 17. Rfe1 Nc5 18.
Nd4 Rf6 19. Re3 Raf8 20. f3 c6 21. dxc6 Bxc6 22. Rae1 Qf4 23. Nxc6 dxc6 24. Re7 Qg5 25. Kh1 Rd6 26. Bf1 Rd2 27. Qc1 Nd3 28. f4 Qxe7 29. Qxd2 Nxe1 0-1

[Event "*** Titled Tuesday Blitz"]
[Site "Chess.com"]
[Date "2020.04.28"]
[Round "5"]
[White "Man-Chuk"]
[Black "Fighter008"]
[Result "1-0"]
[WhiteElo "2718"]
[BlackElo "2513"]
[TimeControl "180+1"]
[EndTime "10:54:42 PDT"]
[Termination "Man-Chuk won by resignation"]

1. c4 g6 2. d4 Bg7 3. Nc3 d6 4. e4 Nf6 5. Be2 O-O 6. Be3 Na6 7.
f4 c5 8. d5 e6 9. Bf3 exd5 10.
cxd5 Re8 11. h3 b5 12. Qc2 b4 13. Nd1 Rb8 14. Ne2 b3 15. axb3 Nb4 16. Qb1 Ba6 17. Rxa6 Nxa6 18. O-O Rxb3 19. Ndc3 Qb6 20. Bc1 Nc7 21.
Qa2 Nd7 22. Kh2 c4 23. Qa4 Rb4 24. Qxd7 a5 25. e5 Bf8 26. Ne4 Nxd5 27. Qxe8 1-0

[Event "*** Titled Tuesday Blitz"]
[Site "Chess.com"]
[Date "2020.04.28"]
[Round "5"]
[White "barbara25"]
[Black "harkerchess"]
[Result "0-1"]
[WhiteElo "2253"]
[BlackElo "2020"]
[TimeControl "180+1"]
[EndTime "10:54:42 PDT"]
[Termination "harkerchess won by resignation"]

1. e4 e5 2. Nf3 Nc6 3. d4 exd4 4. Nxd4 Nf6 5. Nxc6 bxc6 6. Bd3 d5 7. exd5 cxd5 8. c4 c6 9. Nc3 Bb4 10. O-O O-O 11. Bg5 Be6 12. cxd5 cxd5 13. a3 Be7 14. b4 Rc8 15. Ne2 Ne4 16. Bxe7 Qxe7 17. Ng3 Rfd8 18. Re1 f5 19. f3 Nxg3 20. hxg3 Qd6 21. Qe2 Re8 22. Qf2 Rc3 23. Bb5 Rb8 24. Bf1 Rbc8 25. Qxa7 d4 26. Rad1 d3 27. Rd2 Bc4 28. Re7 Qf6 29. Qd7 Rf8 30. Re1 Qb6+ 31. Kh2 Qh6+ 32.
Kg1 Qxd2 33. Re7 Qh6 34. b5 d2 35. Bxc4+ Rxc4 36. Qd5+ Kh8 37. Rf7 Rg8 38. f4 Qb6+ 39. Kh2 Qh6+ 40. Kg1 Rc1+ 0-1